 Dungeon Crawl Stone Soup version 0.27.1-1-g398f81649c (webtiles) character file.

Game seed: 10713878291473038412

84 MisterFreud the Covered (level 4, -6/57 HPs)
             Began as a Gnoll Wanderer on Sept 20, 2021.
             Succumbed to a kobold brigand's curare-tipped dart
             ... in a sewer.
             The game lasted 00:02:33 (2310 turns).

MisterFreud the Covered (Gnoll Wanderer)            Turns: 2310, Time: 00:02:33

Health: -6/57      AC: 22    Str: 10    XL:     4   Next: 46%
Magic:  5/5        EV:  2    Int: 14    God:
Gold:   65         SH:  0    Dex: 11    Spells: 5/5 levels left

rFire    . . .     SeeInvis .   a - +2 quarterstaff
rCold    . . .     Faith    .   (shield currently unavailable)
rNeg     + + +     Spirit   .   (armour currently unavailable)
rPois    +         Reflect  .   (helmet currently unavailable)
rElec    .         Harm     .   (cloak currently unavailable)
rCorr    .         Rampage  .   (gloves currently unavailable)
Will     .....     NoTele   +   (boots currently unavailable)
Stlth    +.........             (no amulet)
HPRegen  0.19/turn              (no ring)
MPRegen  0.09/turn              (no ring)

@: mighty, lethally poisoned (-6 -> -27), tree-form, slowed, very slow
A: stationary, stasis, torment immunity, boosted hp, (fangs 1), strong nose,
distributed training, wild magic 2, no potion heal 1
a: no special abilities


You were in a sewer.
You were a tree.
You visited 1 branch of the dungeon, and saw 3 of its levels.
You also visited: Sewer.

You collected 65 gold pieces.

Inventory:

Hand Weapons
 a - a +2 quarterstaff (weapon)
 n - a +1 dagger of speed
Missiles
 i - 2 boomerangs (quivered)
Armour
 c - a +0 ring mail (melded)
 l - a +0 pair of gloves (melded)
Scrolls
 f - 2 scrolls of identify {unknown}
 h - a scroll of teleportation {unknown}
 m - a scroll of amnesia {unknown}
Potions
 g - a potion of heal wounds {unknown}
 j - a potion of flight {unknown}
 k - a potion of curing {unknown}


   Skills:
 + Level 4.6 Fighting
 + Level 1.1 Short Blades
 + Level 1.1 Long Blades
 + Level 1.1 Axes
 + Level 2.7 Maces & Flails
 + Level 1.1 Polearms
 + Level 4.6 Staves
 + Level 1.1 Slings
 + Level 1.1 Bows
 + Level 1.1 Crossbows
 + Level 1.1 Throwing
 + Level 4.6 Armour
 + Level 2.7 Dodging
 + Level 1.1 Stealth
 + Level 2.7 Shields
 + Level 1.1 Unarmed Combat
 + Level 1.1 Spellcasting
 + Level 0.9 Conjurations
 + Level 0.9 Hexes
 + Level 0.9 Summonings
 + Level 0.9 Necromancy
 + Level 0.9 Translocations
 + Level 0.9 Transmutations
 + Level 0.9 Fire Magic
 + Level 0.9 Ice Magic
 + Level 0.9 Air Magic
 + Level 0.9 Earth Magic
 + Level 0.9 Poison Magic
 + Level 1.2 Invocations
 + Level 2.7 Evocations


You had 5 spell levels left.
You didn't know any spells.
Your spell library was empty.

Dungeon Overview and Level Annotations

Branches:
Dungeon (3/15)              Sewer (1/1)

Altars:

Shops:
D:2 =


Innate Abilities, Weirdness & Mutations

You are a tree.
Your roots penetrate the ground, keeping you stationary.
You cannot be teleported.
You are immune to unholy pain and torment.
Your maximum health is greatly increased.
Your equipment is partially melded.
((You have very sharp teeth.))
Your uncanny sense of smell can sniff out nearby items.
Your experience applies equally to all skills.
Your spells are harder to cast, but more powerful.
Potions are less effective at restoring your health.


Message History

No target in view!
You enter the shallow water.
Moving in this stuff is going to be slow.
A kobold brigand comes into view.
It is wielding a +0 dagger and quivering curare-tipped darts.
Found a scroll labelled FELEELE FACU.
The kobold brigand throws a curare-tipped dart.
The curare-tipped dart hits you.
You are poisoned.
You have difficulty breathing.
You feel yourself slow down.
You feel extremely sick.
The kobold brigand throws a curare-tipped dart.
The curare-tipped dart hits you.
You are lethally poisoned!
You have difficulty breathing.
You feel as though you will be slow longer.
The kobold brigand throws a curare-tipped dart.
The curare-tipped dart hits you.
You are more poisoned.
You have difficulty breathing.
You feel as though you will be slow longer.
Really quaff the potion of lignification?
You turn into a tree.
Your +0 pair of gloves melds into your body.
Your +0 ring mail melds into your body.
Your roots penetrate the ground.
* * * LOW HITPOINT WARNING * * *
You feel extremely sick.
Unknown command.
Unknown command.
Unknown command.
Unknown command.
It was a potion of mutation.
You feel extremely strange.
Your system partially rejects the healing effects of potions.
You feel less in control of your magic. x2
* * * LOW HITPOINT WARNING * * *
You feel extremely sick.
The kobold brigand throws a curare-tipped dart.
The curare-tipped dart hits you.
It was a potion of might.
You feel very mighty all of a sudden.
You die...

...≈##.≈.≈####≈≈≈≈≈#####
≈.≈≈≈≈...## #####≈†≈≈.#
.≈....≈.## #######
...≈≈.≈≈# ∩.≈....≈#
..≈≈..≈≈# ≈≈...≈≈≈##
##### ≈..≈≈.≈..##
#####≈≈≈≈?#
.≈.≈##≈.≈.####≈≈♣≈.#
.≈≈####.≈.≈....###≈≈K≈.#
.≈.# #.≈≈≈≈≈≈.# #######
≈≈≈. ##≈..≈≈≈≈###≈≈≈≈.#
≈≈ #######)≈≈≈≈#####
#####≈≈≈≈.# #######


You could see a kobold brigand.

Vanquished Creatures
  3 adders
  7 endoplasms
  2 giant cockroaches
  3 goblins
  7 hobgoblins
  A jackal (D:1)
  8 kobolds
  4 quokkas
  6 ball pythons
  6 bats
  2 frilled lizards
  2 rats
51 creatures vanquished.

Notes
Turn   | Place    | Note
-------+----------+-------------------------------------------
     0 | D:1      | MisterFreud the Gnoll Wanderer began the quest for the Orb.
     0 | D:1      | MisterFreud set off with the following items: a +2
                  | quarterstaff, a potion of lignification, a +0 ring mail
     0 | D:1      | Reached XP level 1. HP: 20/20 MP: 1/1
   139 | D:1      | Reached XP level 2. HP: 19/26 MP: 2/2
   928 | D:1      | Noticed a troll
  1038 | D:2      | Reached XP level 3. HP: 19/31 MP: 2/4
  1275 | D:2      | Reached skill level 1 in Invocations
  1366 | D:2      | Found Xybao's Jewellery Emporium.
  1539 | D:2      | Reached skill level 1 in Short Blades
  1539 | D:2      | Reached skill level 1 in Long Blades
  1539 | D:2      | Reached skill level 1 in Axes
  1539 | D:2      | Reached skill level 1 in Polearms
  1539 | D:2      | Reached skill level 1 in Slings
  1539 | D:2      | Reached skill level 1 in Bows
  1539 | D:2      | Reached skill level 1 in Crossbows
  1539 | D:2      | Reached skill level 1 in Throwing
  1539 | D:2      | Reached skill level 1 in Stealth
  1539 | D:2      | Reached skill level 1 in Unarmed Combat
  1539 | D:2      | Reached skill level 1 in Spellcasting
  1672 | D:2      | Reached XP level 4. HP: 34/38 MP: 5/5
  1912 | D:3      | Found a glowing drain.
  1929 | Sewer    | Entered a sewer
  2306 | Sewer    | Noticed a kobold brigand
  2309 | Sewer    | Gained mutation: Potions are less effective at restoring
                  | your health. [potion of mutation]
  2309 | Sewer    | Gained mutation: Your spells are a little harder to cast,
                  | but a little more powerful. [potion of mutation]
  2309 | Sewer    | Gained mutation: Your spells are harder to cast, but more
                  | powerful. [potion of mutation]
  2309 | Sewer    | HP: 1/57 [poisoned by a kobold brigand (curare-tipped
                  | dart)]
  2310 | Sewer    | Succumbed to a kobold brigand's curare-tipped dart

Illustrated notes

Levels and vault maps discovered:
D:1:      erik_arrival_cave_to_civilisation [erik_arrival_cave_to_temple],
          layout_basic, hangedman_decor_points, minmay_3d_cube
D:2:      layout_rooms, serial_shops, shop, st_stairs_5,
          kennysheep_another_room, chequers_serial_rivers_large_a
D:3:      layout_loops_ring, tgw_xom, mainiacjoe_overflow_six_doors_small,
          gammafunk_temple_overflow_statue, okawaru_metal_pillars_1_2,
          hellmonk_ecumenical_altar_run_dry, cheibrodos_sewer_entry_drain,
          uniq_natasha
Sewer:    sewer_co_tree

Skill      XL: |  1  2  3 |
---------------+----------+-----
Invocations    | 1 |  1.2
Short Blades   | 1 |  1.1
Long Blades    | 1 |  1.1
Axes           | 1 |  1.1
Polearms       | 1 |  1.1
Slings         | 1 |  1.1
Bows           | 1 |  1.1
Crossbows      | 1 |  1.1
Throwing       | 1 |  1.1
Stealth        | 1 |  1.1
Unarmed Combat | 1 |  1.1
Spellcasting   | 1 |  1.1
Fighting       | |  4.6
Maces & Flails | |  2.7
Staves         | |  4.6
Armour         | |  4.6
Dodging        | |  2.7
Shields        | |  2.7
Conjurations   | |  0.9
Hexes          | |  0.9
Summonings     | |  0.9
Necromancy     | |  0.9
Translocations | |  0.9
Transmutations | |  0.9
Fire Magic     | |  0.9
Ice Magic      | |  0.9
Air Magic      | |  0.9
Earth Magic    | |  0.9
Poison Magic   | |  0.9
Evocations     | |  2.7

Action                   |  1- 3 |  4- 6 || total
-------------------------+-------+-------++-------
Melee: Quarterstaff      |   105 |    38 ||   143
       Bite              |     7 |     2 ||     9
  Use: Potion            |       |     3 ||     3
Armor: Ring mail         |    54 |    25 ||    79
Dodge: Dodged            |    51 |    19 ||    70
